AoeStats
← Thyrannosaurus

MegaRandom

503635709Analyzed
1v1 RM · 1mo ago on Sep 1, 2026· 49m 48s· 2 players
Game mode
Random Map
Map size
Tiny (2 player)
Population
200
Speed
Normal
Resources
Standard
Victory
Conquest
Starting age
Dark Age
Ending age
Imperial Age
RankedLock teamsTeams togetherTeam positionsShared explorationLock speedFull tech treeHidden civsTurbo modeCheats
Victory
Defeat
🇲🇽 Tupi · Mexico
471
+13
🇸🇪 Japanese · Sweden
404
-16
Thyrannosaurus
1:38 Loom
10:49 Feudal Age
11:21 Town Watch
17:24 Wheelbarrow
16:53 Man-at-Arms
17:24 Arson
29:30 Castle Age
31:53 Hand Cart
31:40 Light Cavalry
32:35 Bloodlines
32:26 Husbandry
32:33 Crossbowman
32:35 Elite Skirmisher
33:42 Guard Tower
38:57 Town Patrol
39:31 Pikeman
45:42 Imperial Age
ViJu8718
5:17 Loom
8:21 Feudal Age
16:34 Castle Age
15:45 Stone Mining
15:38 Horse Collar
15:45 Horse Collar
17:00 Double-Bit Axe
25:07 Wheelbarrow
27:08 Padded Archer Armor
31:47 Fletching
32:41 Leather Archer Armor
32:57 Town Watch
34:52 Bow Saw
34:43 Heavy Plow
34:49 Heavy Plow
34:40 Gold Mining
35:52 Hand Cart
36:38 Pikeman
39:16 Gold Shaft Mining
43:24 Imperial Age
41:38 Bodkin Arrow
41:43 Murder Holes
41:29 Treadmill Crane
43:15 Squires
43:00 Arson
42:43 Champi Runner
42:48 Elite Skirmisher
44:15 Town Patrol
46:09 Caciques
46:24 Conscription
47:41 Ballistics
48:21 Chemistry
48:37 Heavy Scorpion
50:43 Two-Man Saw
Connection lost

Rejoining the realm…

Still unreachable

The connection could not be restored.

Session expired

The server has moved on; the page needs a fresh start.